 Dungeon Crawl Stone Soup version 0.22-a0-825-ga28c36f (webtiles) character file.

30356 inc the Warrior (level 13, -2/158 HPs)
             Began as an Ogre Wizard on July 23, 2018.
             Was a High Priest of Okawaru.
             Slain by an Executioner (14 damage)
             ... on level 2 of the Abyss on July 24, 2018.
             The game lasted 01:01:16 (20965 turns).

inc the Warrior (Ogre Wizard)                      Turns: 20965, Time: 01:01:17

Health: -2/158     AC: 12    Str: 18    XL:     13   Next: 51%
Magic:  14/19      EV: 12    Int: 21    God:    Okawaru [*****.]
Gold:   764        SH:  0    Dex:  9    Spells: 9/20 levels left

rFire    . . .     SeeInvis +   a - +8 broad axe of Ruintan {speed, rF- MR+ Str+2 SInv}
rCold    + . .     Gourm    .   (no shield)
rNeg     . . .     Faith    .   W - +4 steam dragon scales
rPois    +         Spirit   .   F - +0 hat
rElec    .         Reflect  .   q - +0 cloak {rC+}
rCorr    .         Harm     .   (gloves unavailable)
MR       ++...     Rnd*Tele +   (boots unavailable)
Stlth    +++.......             M - amulet of magic regeneration
HPRegen  0.36/turn              j - ring of protection from fire
MPRegen  0.41/turn              B - ring of poison resistance

@: heroism, finesse
A: large, unfitting armour, antennae 1, hooves 1, thin skeletal structure 1,
teleportitis 1, tough skin 1
a: Heroism, Finesse, Renounce Religion


You were on level 2 of the Abyss.
You worshipped Okawaru.
Okawaru was extremely pleased with you.
You were not hungry.

You visited 4 branches of the dungeon, and saw 18 of its levels.
You visited the Abyss 1 time.
You visited 1 bazaar.
You also visited: Labyrinth and Ice Cave.

You collected 1175 gold pieces.
You spent 411 gold pieces at shops.

Inventory:

Hand Weapons
 a - the +8 broad axe of Ruintan (weapon) {speed, rF- MR+ Str+2 SInv}
   (You found it on level 7 of the Dungeon)

   Attacks with this weapon are significantly faster.
   It affects your strength (+2).
   It makes you vulnerable to fire.
   It affects your resistance to hostile enchantments.
   It lets you see invisible.
 N - a +0 giant spiked club
 Y - a +0 blowgun
Missiles
 Z - 4 curare-tipped needles
Armour
 k - a +0 cloak
 m - a scarf of repulsion
 q - a +0 cloak of cold resistance (worn)
 F - a +0 hat (worn)
 J - a +1 robe of resistance
 T - a +2 robe of the Archmagi
 W - +4 steam dragon scales (worn)
Magical Staves
 p - an uncursed staff of energy
Jewellery
 j - a ring of protection from fire (left hand)
 o - an uncursed ring of protection from fire
 t - an uncursed ring of wizardry
 u - an uncursed ring of flight
 B - a ring of poison resistance (right hand)
 M - an amulet of magic regeneration (around neck)
 P - an uncursed ring of protection from fire
Wands
 b - a wand of digging (22)
 g - a wand of clouds (6)
 G - a wand of acid (27)
 I - a wand of polymorph (14)
 Q - a wand of random effects (59)
 X - a wand of enslavement (14)
Scrolls
 f - a scroll of immolation
 l - a scroll of teleportation
 w - a scroll of random uselessness {unknown}
 y - 6 scrolls of amnesia
 C - 10 scrolls of remove curse
 D - a scroll of holy word {unknown}
 K - a scroll of fear
 O - a scroll of enchant weapon {unknown}
 S - a scroll of fog {unknown}
Potions
 e - 2 potions of might
 h - a potion of ambrosia {unknown}
 i - 3 potions of haste
 n - a potion of experience {unknown}
 r - 2 potions of lignification
 s - 2 potions of curing
 v - a potion of flight
 z - a potion of cancellation
 E - a potion of brilliance {unknown}
 L - 2 potions of agility {unknown}
 R - a potion of resistance
 V - 4 potions of berserk rage {unknown}
Miscellaneous
 x - 2 phantom mirrors
Comestibles
 d - 18 rations


   Skills:
 + Level 17.8(22.8) Fighting
 + Level 12.8(18.4) Axes
 - Level 6.2(15.0) Maces & Flails
 - Level 1.7(6.7) Dodging
 - Level 1.4(6.4) Stealth
 - Level 4.0 Spellcasting
 - Level 4.4 Conjurations
 - Level 0.8 Summonings
 - Level 0.8 Translocations
 - Level 3.2 Air Magic
 - Level 3.2 Poison Magic
 - Level 5.0 Invocations


You had 9 spell levels left.
You knew the following spells:

 Your Spells              Type           Power        Failure   Level  Hunger
a - Magic Dart            Conj           ###.         1%          1    None
b - Conjure Flame         Conj/Fire      ##......     14%         3    ###....
c - Mephitic Cloud        Conj/Pois/Air  ###.....     9%          3    ###....
d - Call Imp              Summ           #.......     13%         2    #......
j - Blink                 Tloc           N/A          13%         2    #......

Your spell library contained the following spells:

 Spells                   Type           Power        Failure   Level  Hunger
 Slow                     Hex            #.......     19%         2    #......
 Freezing Cloud           Conj/Ice/Air   ##........   100%        6    #######
 Iskenderun's Mystic Bla  Conj           ###.....     19%         4    ####...
 Shock                    Conj/Air       ###.         2%          1    None
 Dragon Form              Tmut           #.........   100%        7    #######
 Deflect Missiles         Chrm/Air       ##........   100%        6    #######
 Airstrike                Air            ###.......   30%         4    ####...
 Shroud of Golubria       Chrm/Tloc      #.........   16%         2    #......
 Fulminant Prism          Conj/Hex       ##........   43%         4    ####...
 Dazzling Spray           Conj/Hex       ##....       14%         3    ###....
 Force Lance              Conj/Tloc      ###.....     38%         4    ####...
 Infusion                 Chrm           #...         12%         1    None
 Searing Ray              Conj           ###...       3%          2    #......
 Poisonous Vapours        Pois/Air       ###...       4%          2    #......


Dungeon Overview and Level Annotations

Branches:
Dungeon (12/15)            Temple (1/1) D:4            Lair (3/6) D:10
    Orc (2/2) D:10            Elf (0/3) Orc:2
  Swamp: Lair:2-4    Shoals: Lair:2-4     Snake: Lair:2-4    Spider: Lair:2-4

Altars:
Ashenzari
Cheibriados
Dithmenos
Fedhas
Gozag
Hepliaklqana
Makhleb
Nemelex Xobeh
Okawaru
Qazlal
Ru
Sif Muna
Uskayaw
Vehumet
Wu Jian
Xom
Yredelemnul
Zin
The Shining One
Beogh

Shops:
D:7 %[*!   D:10 %

Portals:
Volcano: Lair:3

Annotations:
D:5 eyesofgods1's ghost, novice VSBe
D:12 Urug


Innate Abilities, Weirdness & Mutations

You are too large for most types of armour.
You have tough skin. (AC +1)
You have a pair of small antennae on your head.
You have large cloven feet.
You have a somewhat thin skeletal structure. (Dex +2, Stealth)
You are occasionally teleported next to monsters.


Message History

You slash the tentacled starspawn!
Unknown command.
You slice the tentacled starspawn!!
Your kick misses the tentacled starspawn.
The tentacled starspawn is heavily damaged.
You hit the large abomination.
You destroy the large abomination!
Okawaru accepts your kill.
The Executioner gestures.
The Executioner seems to speed up.
A small abomination comes into view.
Press: ? - help, v - describe, . - travel
Here: a tentacled starspawn (heavily damaged, inner flame)
The floor.
The Executioner hits you!
* * * LOW HITPOINT WARNING * * *
The Executioner barely misses you. The Executioner hits you.
* * * LOW HITPOINT WARNING * * *
The Executioner hits you!
You die...

#...# #.# .
...## ## ..
#..# #.####.# #
#
##..#####.#..#
.......##....#
##....#..#.1..#
#..##.X1###..##
####....@# .#..
#
###.#.#.#....#
# . . #..
...######...#
##...####
.#..∩. .# x...
. ... #.§.# # #
.# x. .# .#. .#
# . .. ...## ##
. ..#


You could see a tentacled starspawn (inner flame), an Executioner and a small
abomination (wandering).

Vanquished Creatures
  A minotaur (Lab)
  Erolcha (Orc:2)
  Sonja (D:10)
  A sixfirhy (Abyss:2)
  3 orc knights
  An ugly thing (D:11)
  An orc sorcerer (Orc:1)
  Maurice (Orc:1)
  2 ice statues (IceCv)
  A black mamba (Lair:2)
  A large abomination (Abyss:2)
  4 spiny frogs
  A komodo dragon (Lair:3)
  A rime drake (Lair:1)
  9 ice devils (IceCv)
  2 polar bears (D:9)
  4 trolls
  4 hippogriffs
  13 blink frogs
  A ynoxinul (Abyss:2)
  A wyvern (D:8)
  20 yaks
  A human (D:7)
  A wraith (D:11)
  4 hogs (D:7)
  Eustachio (D:6)
  A hungry ghost (D:12)
  A steam dragon (D:9)
  Edmund (D:6)
  2 insubstantial wisps (D:9)
  4 wargs (Orc:1)
  Duvessa (D:7)
  7 water moccasins
  3 porcupines
  A hornet zombie (D:8)
  3 ice beasts
  2 black bears
  17 orc warriors
  2 necrophages
  10 sky beasts
  12 ogres
  2 phantoms
  4 centaurs
  3 crocodiles
  16 bullfrogs
  4 gnoll sergeants
  3 big kobolds
  Dowan (D:7)
  3 scorpions
  A small abomination (Abyss:2)
  12 wights
  2 howler monkeys
  2 electric eels
  5 crimson imps
  4 bullfrog zombies
  2 centaur zombies
  5 hounds
  5 jellies
  19 orc priests
  Crazy Yiuf (D:2)
  A bullfrog skeleton (D:4)
  13 orc wizards
  2 centaur skeletons
  2 iguanas
  6 worker ants
  A bullfrog simulacrum (D:9)
  A hound skeleton (D:4)
  Robin (D:3)
  10 gnolls
  11 adders
  2 shadow imps
  9 white imps
  3 ufetubi (IceCv)
  An ooze (D:2)
  2 adder skeletons
  5 worms
  3 dart slugs
  An adder simulacrum (D:9)
  5 leopard geckos
  68 orcs
  4 giant cockroaches
  17 goblins
  11 hobgoblins
  6 jackals
  15 kobolds
  4 quokkas
  3 ball pythons
  6 bats
  6 frilled lizards
  A jackal zombie (D:5)
  A quokka skeleton (D:4)
  A quokka zombie (D:8)
  7 rats
  A plant (Lair:1)
  A starspawn tentacle (Abyss:2)
473 creatures vanquished.

Vanquished Creatures (others)
  A reaper (IceCv)
  An orc wizard (Orc:1)
  7 white imps (IceCv)
  5 ufetubi (IceCv)
  An orc (Orc:2)
  3 fungi (Lair:3)
  2 plants
  3 starspawn tentacles (Abyss:2)
23 creatures vanquished.

Grand Total: 496 creatures vanquished

Notes
Turn   | Place    | Note
-------+----------+-------------------------------------------
     0 | D:1      | inc the Ogre Wizard began the quest for the Orb.
     0 | D:1      | Reached XP level 1. HP: 16/16 MP: 5/5
    34 | D:1      | Reached skill level 1 in Conjurations
   244 | D:1      | Reached XP level 2. HP: 24/24 MP: 3/6
  1132 | D:2      | Reached XP level 3. HP: 31/31 MP: 1/8
  1192 | D:2      | Found a shattered altar of Ashenzari.
  1602 | D:2      | Learned a level 3 spell: Conjure Flame
  1606 | D:2      | Learned a level 3 spell: Mephitic Cloud
  1817 | D:2      | Found a runed door.
  1942 | D:2      | Reached XP level 4. HP: 39/39 MP: 3/9
  2410 | D:2      | Noticed Crazy Yiuf
  2417 | D:2      | Killed Crazy Yiuf
  2631 | D:3      | Noticed Robin
  2643 | D:3      | Reached XP level 5. HP: 33/46 MP: 2/11
  2856 | D:3      | Reached skill level 1 in Fighting
  2933 | D:3      | Killed Robin
  2933 | D:3      | Reached skill level 1 in Maces & Flails
  3375 | D:3      | Reached skill level 2 in Fighting
  4132 | D:3      | Learned a level 2 spell: Blink
  4544 | D:3      | Reached skill level 3 in Fighting
  4544 | D:3      | Reached XP level 6. HP: 61/61 MP: 1/12
  4953 | D:4      | Reached skill level 1 in Air Magic
  4953 | D:4      | Reached skill level 1 in Poison Magic
  5072 | D:4      | Found a staircase to the Ecumenical Temple.
  5079 | Temple   | Entered the Ecumenical Temple
  5307 | Temple   | Became a worshipper of Warmaster Okawaru
  5469 | D:4      | Reached XP level 7. HP: 22/67 MP: 10/13
  6288 | D:5      | Entered Level 5 of the Dungeon
  6576 | D:5      | Found a runed gate.
  6577 | D:5      | Found a runed gate.
  6577 | D:5      | Found a runed gate.
  6582 | D:5      | Noticed eyesofgods1's ghost (novice VSBe)
  6588 | D:5      | Found a roughly hewn altar of Beogh.
  6657 | D:5      | Found a glowing silver altar of Zin.
  6890 | D:5      | Learned a level 2 spell: Call Imp
  7292 | D:6      | Noticed Edmund
  7337 | D:6      | Reached * piety under Okawaru
  7362 | D:6      | Reached XP level 8. HP: 78/78 MP: 9/14
  7412 | D:6      | Reached skill level 4 in Fighting
  7543 | D:6      | Noticed Eustachio
  7557 | D:6      | Killed Eustachio
  7557 | D:6      | Reached skill level 5 in Fighting
  7913 | D:6      | Gained mutation: Armour fits poorly on your strangely shaped body. [potion of mutation]
  7913 | D:6      | Gained mutation: You have a somewhat thin skeletal structure. (Dex +2, Stealth) [potion of mutation]
  7914 | D:6      | Lost mutation: Armour fits poorly on your strangely shaped body. [potion of mutation]
  7914 | D:6      | Gained mutation: Your magical capacity is low. (-10% MP) [potion of mutation]
  7914 | D:6      | Gained mutation: Your body sometimes deteriorates upon taking damage. [potion of mutation]
  7914 | D:6      | Gained mutation: You have large cloven feet. [potion of mutation]
  8066 | D:6      | Killed Edmund
  8066 | D:6      | Reached ** piety under Okawaru
  8066 | D:6      | Reached skill level 6 in Fighting
  8610 | D:6      | Reached skill level 7 in Fighting
  8654 | D:6      | Reached skill level 5 in Maces & Flails
  8654 | D:6      | Reached XP level 9. HP: 56/93 MP: 13/13
  8828 | D:6      | Found an opulent altar of Gozag.
  8830 | D:6      | Found a sacrificial altar of Ru.
  8830 | D:6      | Found a hazy altar of Hepliaklqana.
  8834 | D:6      | Found a burning altar of Makhleb.
  8834 | D:6      | Noticed a green death
  9078 | D:7      | Found Zah Eseno's Food Emporium.
  9140 | D:7      | Reached skill level 8 in Fighting
  9607 | D:7      | Found Uwkutal's Armour Emporium.
  9647 | D:7      | Reached skill level 9 in Fighting
  9687 | D:7      | Identified the +8 broad axe of Ruintan {speed, rF- MR+ Str+2 SInv} (You found it on level 7 of the Dungeon)
  9718 | D:7      | Found Soluh's General Store.
  9729 | D:7      | Bought a scroll of fear for 38 gold pieces
  9729 | D:7      | Bought a potion of haste for 110 gold pieces
  9804 | D:7      | Noticed Duvessa
  9815 | D:7      | Reached skill level 1 in Axes
  9823 | D:7      | Reached *** piety under Okawaru
  9836 | D:7      | Noticed Dowan
  9841 | D:7      | Killed Duvessa
  9841 | D:7      | Reached skill level 10 in Fighting
  9853 | D:7      | Killed Dowan
 10137 | D:7      | Reached XP level 10. HP: 111/111 MP: 14/14
 10545 | D:7      | Found Puepaent's Distillery.
 10548 | D:7      | Bought a potion of mutation for 88 gold pieces
 10548 | D:7      | Lost mutation: Your magical capacity is low. (-10% MP) [potion of mutation]
 10548 | D:7      | Lost mutation: Your body sometimes deteriorates upon taking damage. [potion of mutation]
 10548 | D:7      | Gained mutation: You are occasionally teleported next to monsters. [potion of mutation]
 10548 | D:7      | Gained mutation: You have a pair of small antennae on your head. [potion of mutation]
 10865 | D:8      | Reached skill level 1 in Invocations
 11007 | D:8      | Reached skill level 11 in Fighting
 11191 | D:8      | Reached **** piety under Okawaru
 11370 | D:8      | Reached skill level 5 in Axes
 12124 | D:9      | Reached skill level 12 in Fighting
 12563 | D:10     | Entered Level 10 of the Dungeon
 12603 | D:10     | Found Nusihoarph's Food Shop.
 12624 | D:10     | Identified the Tome of the Assistive Voyage
 12659 | D:10     | Reached ***** piety under Okawaru
 12669 | D:10     | Reached skill level 5 in Invocations
 12669 | D:10     | Reached XP level 11. HP: 120/123 MP: 17/17
 12722 | D:10     | Found a staircase to the Lair.
 12857 | D:10     | Noticed Sonja
 12872 | D:10     | Killed Sonja
 12909 | D:10     | Found a staircase to the Orcish Mines.
 12934 | D:10     | Reached skill level 13 in Fighting
 13435 | D:11     | Found a flickering gateway to a bazaar.
 13537 | D:11     | Received a gift from Okawaru
 13781 | Bazaar   | Entered a bazaar
 13791 | Bazaar   | Found Nuisan's Weapon Boutique.
 13791 | Bazaar   | Found Pyaci's Jewellery Shop.
 13852 | Bazaar   | Found Teumnux's Armour Shop.
 13852 | Bazaar   | Found Cahim's Book Boutique.
 13919 | Bazaar   | Bought an uncursed ring of protection from fire for 175 gold pieces
 14049 | D:11     | Noticed a brown ugly thing
 14060 | D:11     | Killed a brown ugly thing
 14060 | D:11     | Reached skill level 14 in Fighting
 14325 | D:12     | Noticed Urug
 14372 | Lair:1   | Entered Level 1 of the Lair of Beasts
 14445 | Lair:1   | Received a gift from Okawaru
 14553 | Lair:1   | Reached XP level 12. HP: 84/140 MP: 18/18
 14644 | Lair:1   | Found a frozen archway.
 14889 | IceCv    | Entered an ice cave
 15078 | IceCv    | Killed a reaper
 15495 | IceCv    | Reached skill level 10 in Axes
 15606 | IceCv    | Reached skill level 15 in Fighting
 16340 | IceCv    | Got a crystal long sword
 16440 | IceCv    | Identified the +3 long sword of Drought {pain, rElec Int+2 SInv Stlth-} (You found it in an ice cave)
 17706 | Lair:2   | Reached skill level 16 in Fighting
 18665 | Lair:2   | Upgraded the game from 0.22-a0-815-gb582571 to 0.22-a0-825-ga28c36f
 18692 | Lair:3   | Reached XP level 13. HP: 60/154 MP: 14/19
 18705 | Lair:3   | Found a dark tunnel.
 19235 | Orc:1    | Entered Level 1 of the Orcish Mines
 19259 | Orc:1    | Received a gift from Okawaru
 19272 | Orc:1    | Reached skill level 17 in Fighting
 19431 | Orc:1    | Got a warped great mace {god gift}
 19898 | Orc:1    | Noticed Maurice
 19907 | Orc:1    | Killed Maurice
 20047 | Orc:2    | Entered Level 2 of the Orcish Mines
 20097 | Orc:2    | Noticed Erolcha
 20143 | Orc:2    | Killed Erolcha
 20172 | Orc:2    | Found a staircase to the Elven Halls.
 20183 | Orc:2    | Found a labyrinth entrance.
 20194 | Lab      | Entered a labyrinth
 20625 | Lab      | Noticed a minotaur
 20631 | Lab      | Identified the Incunabulum of Shape Shifting and Lightness
 20651 | Lab      | Killed a minotaur
 20682 | Lab      | Got a bloodstained rapier
 20683 | Lab      | Identified the +9 great mace "Caizuc" {crush, rN+} (Okawaru gifted it to you on level 1 of the Orcish Mines)
 20685 | Lab      | Identified the +9 rapier of Intimidation {distort, MR+ Str+4 SInv} (You found it in a labyrinth)
 20686 | Lab      | Cast into level 2 of the Abyss (a distortion unwield)
 20856 | Abyss:2  | Noticed a green death
 20920 | Abyss:2  | Noticed a tentacled starspawn
 20958 | Abyss:2  | Noticed an Executioner
 20965 | Abyss:2  | Slain by an Executioner

Vault maps used:
D:1:      eino_arrival_water_cross
D:2:      ashenzari_altar_1, uniq_crazy_yiuf_cottage
D:3:      uniq_robin
D:4:      minmay_temple_entry_junction_2, first_ration, feat_on_display
D:5:      zin_treasury, biasface_ghost_orc_armoury
D:6:      kennysheep_mini_moat, nicolae_overflow_hidden_temple,
          makhleb_altar_promises_db, minmay_parallelograms, feat_on_display,
          uniq_eustachio, uniq_edmund
D:7:      serial_shops, nicolae_shop_behind_doors, nicolae_shop_stone,
          kennysheep_mini, shop, grunt_livestock, uniq_duvessa
D:9:      serial_ice, serial_ice_h, serial_ice_k, serial_ice_d, serial_ice_m,
          serial_ice_o, wad_floor_pattern_1, wad_floor_pattern_untrapped,
          hangedman_misty_isle
D:10:     grunt_lair_entry_orc_guard_hut,
          kennysheep_orc_monster_closet_entryway, serial_shops, shop, uniq_sonja
D:11:     serial_shops, bzr_entry_road
D:12:     uniq_urug
Temple:   oiseaux_autumnal_temple
Lair:1:   statuecave_lemuel, portal_ice_cave_entry_pillars_1, st_stairs_6
Lair:2:   lemuel_old_faithful
Lair:3:   dummy_spider_entry, lightli_volcano_entry_magma_tube,
          grunt_megastairs_2
Orc:1:    uniq_maurice
Orc:2:    st_orc_pillars, lab_entry_generic, uniq_erolcha
Lab:      labyrinth_hidden_loot, nicolae_lab_plus, nicolae_lab_dead_end,
          nicolae_lab_garden
Bazaar:   bazaar_jpeg_ribbon
IceCv:    ice_cave_small_demon

Skill      XL: |  1  2  3  4  5  6  7  8  9 10 11 12 13 |
---------------+----------------------------------------+-----
Conjurations   | 1 2 3 4 |  4.4
Spellcasting   | 4 |  4.0
Fighting       | 3 7 10 12 14 16 17 | 17.8
Maces & Flails | 2 5 6 |  6.2
Air Magic      | 2 3 |  3.2
Poison Magic   | 2 3 |  3.2
Axes           | 3 6 9 11 12 | 12.8
Invocations    | 5 |  5.0
Dodging        | |  1.7
Stealth        | |  1.4
Summonings     | |  0.8
Translocations | |  0.8

Action                   |  1- 3 |  4- 6 |  7- 9 | 10-12 | 13-15 || total
-------------------------+-------+-------+-------+-------+-------++-------
Melee: Unarmed           |     2 |       |       |       |       ||     2
       Mace              |    16 |   100 |    85 |       |       ||   201
       Kick              |       |       |    27 |   132 |    47 ||   206
       Giant spiked club |       |       |    21 |       |       ||    21
       Flail             |       |       |     7 |       |       ||     7
       Giant club        |       |       |    46 |       |       ||    46
       Broad axe         |       |       |    32 |   625 |   214 ||   871
       Punch             |       |       |       |     7 |     1 ||     8
 Cast: Magic Dart        |    87 |   110 |   123 |       |       ||   320
       Conjure Flame     |       |    12 |    10 |       |       ||    22
       Mephitic Cloud    |       |    12 |    37 |    13 |       ||    62
       Blink             |       |     3 |       |       |       ||     3
       Call Imp          |       |       |     1 |       |       ||     1
Invok: Heroism           |       |       |       |    15 |     6 ||    21
       Finesse           |       |       |       |     4 |     5 ||     9
 Abil: Evoke Flight      |       |       |       |     1 |       ||     1
  Use: Scroll            |     3 |       |     9 |    12 |     4 ||    28
       Potion            |       |       |     2 |     8 |     2 ||    12
 Stab: Confused          |       |     2 |     6 |     7 |       ||    15
       Sleeping          |       |       |     1 |     4 |       ||     5
       Invisible         |       |       |       |     9 |     5 ||    14
  Eat: Chunk             |     3 |     9 |    15 |     4 |     3 ||    34
       Ration            |       |     1 |     1 |     8 |     1 ||    11
Armor: Robe              |    15 |    39 |    70 |    23 |       ||   147
       Skin              |       |       |     1 |       |       ||     1
       Steam dragon scal |       |       |       |   127 |    35 ||   162
Dodge: Dodged            |    32 |    60 |   108 |   231 |    61 ||   492
       Deflected         |       |       |       |     2 |       ||     2

Table legend:
 A = Spawn XP
 B = Non-spawn XP
 C = Spawn XP percentage of total XP
 D = Spawn monster count
 E = Non-spawn monster count
 F = Spawn count percentage of total count
 G = Total turns spent on level
                    A         B        C        D         E        F      G
               +---------+---------+-------+---------+---------+-------+---------
         Total |     834 |   42532 |   1.9 |       2 |     469 |   0.4 | 20965
               +---------+---------+-------+---------+---------+-------+---------
           D:1 |       0 |      27 |   0.0 |       0 |      14 |   0.0 |  1156
           D:2 |       0 |     116 |   0.0 |       0 |      30 |   0.0 |  1773
           D:3 |       0 |     261 |   0.0 |       0 |      44 |   0.0 |  1886
           D:4 |       0 |     385 |   0.0 |       0 |      12 |   0.0 |  1326
           D:5 |       0 |     296 |   0.0 |       0 |      15 |   0.0 |  1299
           D:6 |       0 |    1401 |   0.0 |       0 |      29 |   0.0 |  1392
           D:7 |       0 |    2175 |   0.0 |       0 |      30 |   0.0 |  1665
           D:8 |       0 |    1607 |   0.0 |       0 |      31 |   0.0 |  1005
           D:9 |       0 |    2678 |   0.0 |       0 |      33 |   0.0 |   813
          D:10 |       0 |    2997 |   0.0 |       0 |      38 |   0.0 |   929
          D:11 |       0 |    4352 |   0.0 |       0 |      36 |   0.0 |   783
          D:12 |       0 |     183 |   0.0 |       0 |       1 |   0.0 |    12
        Lair:1 |       0 |    4776 |   0.0 |       0 |      26 |   0.0 |  1562
        Lair:2 |       0 |    3964 |   0.0 |       0 |      17 |   0.0 |  1349
        Lair:3 |       0 |    3262 |   0.0 |       0 |      14 |   0.0 |   309
         Orc:1 |       0 |    4686 |   0.0 |       0 |      41 |   0.0 |   812
         Orc:2 |       0 |    3387 |   0.0 |       0 |      34 |   0.0 |   147
       Abyss:2 |     834 |     628 |  57.0 |       2 |       2 |  50.0 |   279
           Lab |       0 |    1269 |   0.0 |       0 |       1 |   0.0 |   492
         IceCv |       0 |    4082 |   0.0 |       0 |      21 |   0.0 |  1578
               +---------+---------+-------+---------+---------+-------+---------
